Map: Ascension to Aiur LE

Players

Lambo

  • Race: Zerg Zerg
  • League: Grandmaster
  • Spawn Location: 5:00

LiquidMaNa (MaNa) - Winner!

  • Race: Protoss Protoss
  • League: Master
  • Spawn Location: 11:00

Event: HomeStory Cup XVI

VOD

Have the link to the VOD?

Description

Time

  • Played on: Nov. 9, 2017, 3:33 p.m.
  • Length: 18:24

All games in this series

Show
View Real Time Build Order
Export as new Build Order

Lambo Zerg 

Build Orders: Hatch First, Brood Lord Corruptor 

Get SALT Encoding   

  12  0:01  Drone  
  13  0:12  Overlord  
  13  0:18  Drone  
  14  0:31  Drone x2  
  14  0:35  Drone  
  17  0:52  Hatchery  
  17  0:54  Drone  
  17  0:58  Drone  
  18  1:08  Extractor  
  17  1:13  Spawning Pool  
  17  1:16  Drone  
  17  1:19  Drone  
  18  1:29  Drone  
  19  1:39  Overlord  
  19  1:50  Drone  
  20  1:59  Queen  
  20  2:00  Zergling x2  
  23  2:03  Queen  
  23  2:04  Zergling x2  
  23  2:08  Metabolic Boost  
  26  2:12  Drone  
  26  2:14  Drone  
  28  2:26  Drone x2  
  30  2:39  Hatchery  
  30  2:42  Drone  
  30  2:47  Pneumatized Carapace  
  30  2:51  Drone  
  31  2:54  Overlord  
  31  2:56  Drone  
  32  3:01  Drone x2  
  32  3:04  Drone  
  35  3:13  Drone  
  35  3:16  Zergling x2  
  35  3:18  Drone x3  
  40  3:20  Drone x2  
  40  3:26  Queen  
  44  3:33  Spore Crawler  
  43  3:36  Spore Crawler  
  43  3:38  Drone x2  
  44  3:44  Overlord  
  44  3:45  Overlord  
  44  3:53  Evolution Chamber  
  43  4:02  Drone  
  44  4:04  Queen  
  44  4:05  Drone x5  
  44  4:08  Drone x2  
  53  4:11  Drone x2  
  53  4:16  Drone x2  
  57  4:19  Spore Crawler  
  57  4:20  Drone  
  57  4:24  Zerg Missile Weapons Level 1  
  57  4:25  Overlord  
  57  4:27  Drone  
  58  4:38  Lair  
  58  4:40  Overlord x2  
  58  4:43  Queen  
  61  4:45  Drone x5  
  61  4:48  Drone  
  66  4:56  Overlord  
  66  5:00  Baneling Nest  
  66  5:01  Overlord  
  66  5:02  Extractor, Drone x5  
  66  5:04  Drone  
  70  5:11  Zergling x4  
  72  5:15  Hatchery  
  72  5:16  Drone x4  
  72  5:19  Drone x3  
  72  5:21  Extractor  
  77  5:23  Extractor x2  
  77  5:24  Extractor, Overlord  
  74  5:29  Drone x4  
  74  5:31  Overlord  
  78  5:39  Hydralisk Den  
  78  5:40  Drone x2  
  78  5:44  Drone  
  79  5:52  Drone x3  
  79  5:54  Overlord  
  82  6:01  Queen  
  82  6:02  Overlord  
  83  6:08  Hydralisk x7  
  97  6:15  Hydralisk  
  97  6:16  Hydralisk  
  101  6:18  Baneling x2  
  101  6:19  Baneling  
  101  6:23  Hydralisk  
  101  6:24  Hydralisk  
  105  6:28  Hydralisk, Zergling x4  
  105  6:29  Zergling x12  
  115  6:33  Spore Crawler, Hydralisk x2  
  118  6:41  Hydralisk x2  
  118  6:45  Overlord  
  122  6:57  Infestation Pit  
  122  6:58  Overseer  
  122  6:59  Drone x6  
  126  7:03  Muscular Augments  
  126  7:04  Drone x3  
  126  7:07  Overlord x2  
  126  7:08  Spore Crawler, Overlord  
  128  7:09  Spore Crawler  
  128  7:10  Drone x2  
  129  7:21  Centrifical Hooks  
  129  7:27  Baneling x3  
  129  7:29  Hydralisk x4  
  131  7:33  Drone  
  140  7:37  Drone x2  
  140  7:38  Spire, Drone x3  
  140  7:39  Extractor  
  143  7:46  Overlord  
  143  7:49  Spire  
  143  7:50  Drone x3, Hatchery  
  143  7:51  Drone x3  
  143  7:56  Hive  
  140  8:05  Queen  
  142  8:20  Zergling x2  
  142  8:21  Queen, Zergling x14  
  142  8:23  Overlord  
  142  8:26  Zerg Missile Weapons Level 2  
  152  8:29  Evolution Chamber  
  152  8:31  Overlord  
  152  8:33  Zergling x12  
  157  8:35  Overlord x2  
  157  8:39  Overlord x2  
  157  8:40  Overlord x2  
  157  8:41  Extractor  
  156  8:57  Baneling  
  156  9:04  Corruptor x5  
  156  9:05  Corruptor x3  
  156  9:07  Hydralisk x2  
  156  9:08  Hydralisk x4  
  156  9:09  Zergling x6  
  188  9:10  Zergling x4  
  188  9:11  Corruptor  
  188  9:13  Hydralisk  
  188  9:14  Zergling x6  
  191  9:25  Greater Spire  
  191  9:27  Zerg Melee Weapons Level 1  
  191  9:28  Hydralisk, Zergling x2  
  191  9:29  Zergling x10  
  198  9:35  Baneling x8  
  198  9:37  Zergling x2  
  198  9:38  Zergling x2  
  200  9:42  Baneling x3  
  200  9:43  Baneling  
  199  9:56  Hydralisk  
  199  9:57  Hydralisk x4  
  197  10:06  Hydralisk  
  191  10:10  Hydralisk  
  191  10:11  Hydralisk x5  
  193  10:15  Zergling x12  
  193  10:18  Adrenal Glands  
  199  10:38  Corruptor x4  
  199  10:40  Overseer x3  
  199  10:47  Spine Crawler  
  199  10:48  Spine Crawler  
  199  10:49  Spine Crawler x2  
  194  10:59  Spine Crawler  
  193  11:05  Spine Crawler  
  193  11:07  Spine Crawler, Hydralisk x2  
  193  11:08  Hydralisk x2  
  199  11:13  Zergling x2  
  199  11:18  Hydralisk x5  
  191  11:19  Zergling x2  
  191  11:20  Hydralisk x10  
  191  11:21  Hydralisk x2  
  191  11:22  Hydralisk x2  
  191  11:23  Zergling x4  
  182  11:27  Hydralisk x2  
  178  11:36  Brood Lord, Zergling x6  
  178  11:38  Hydralisk  
  178  11:39  Zergling x4  
  183  11:41  Hydralisk x2  
  177  11:49  Brood Lord  
  177  11:50  Zergling x16  
  186  11:57  Queen x4, Brood Lord  
  196  12:04  Extractor  
  196  12:05  Extractor, Brood Lord  
  196  12:11  Brood Lord  
  198  12:19  Brood Lord  
  198  12:21  Baneling  
  198  12:22  Baneling x4  
  200  12:35  Baneling x2  
  195  12:44  Hydralisk  
  195  12:45  Hydralisk  
  196  12:53  Hydralisk x4  
  196  12:54  Corruptor x3  
  196  12:56  Hydralisk x2, Zergling x18  
  196  12:57  Zergling x4  
  175  12:58  Hydralisk  
  175  13:01  Hydralisk  
  175  13:03  Hydralisk  
  175  13:04  Zergling x16  
  157  13:09  Hydralisk x2  
  157  13:10  Zergling x4  
  157  13:12  Hydralisk  
  155  13:16  Corruptor  
  155  13:19  Corruptor  
  155  13:25  Corruptor  
  157  13:29  Hydralisk x2  
  157  13:30  Zergling x4  
  162  13:34  Hydralisk x2  
  162  13:38  Hydralisk  
  162  13:39  Zergling x2  
  162  13:40  Hydralisk  
  151  13:44  Hydralisk  
  151  13:45  Zergling x2  
  151  13:48  Hydralisk  
  131  13:49  Zergling x4  
  131  13:51  Zergling x2  
  125  13:57  Hydralisk x3  
  125  14:02  Hydralisk x2  
  135  14:14  Zerg Missile Weapons Level 3  
  135  14:15  Brood Lord  
  135  14:16  Brood Lord  
  139  14:17  Corruptor  
  139  14:20  Zerg Flyer Weapons Level 1  
  139  14:21  Drone  
  139  14:23  Drone  
  143  14:28  Hydralisk x2  
  143  14:37  Hydralisk x4  
  149  14:41  Corruptor  
  147  14:46  Hydralisk x2  
  149  14:52  Hydralisk x2  
  149  14:53  Hydralisk  
  149  14:57  Brood Lord  
  157  15:03  Hydralisk  
  157  15:04  Hydralisk x2  
  157  15:06  Hydralisk  
  155  15:09  Hydralisk  
  155  15:10  Zergling x2  
  155  15:12  Hydralisk  
  145  15:21  Brood Lord  
  145  15:24  Pathogen Glands  
  146  15:28  Drone x7  
  146  15:30  Drone  
  152  15:49  Infestor x5  
  160  15:50  Infestor  
  164  15:57  Infestor x2  
  164  16:02  Zerg Ground Armor Level 1  
  168  16:13  Infestor x2  
  168  16:18  Hydralisk, Zergling x8  
  172  16:43  Hydralisk x5  
  181  16:51  Hatchery  
  159  16:55  Hydralisk x3  
  127  17:02  Hydralisk x2  
  127  17:09  Infestor x3  
  133  17:20  Infestor  
  135  17:23  Infestor  
  135  17:27  Hydralisk  
  139  17:31  Hydralisk  
  141  17:37  Hydralisk x2  
  143  17:57  Hydralisk x3  
Show
View Real Time Build Order
Export as new Build Order

LiquidMaNa Protoss - Winner!

Build Orders: 1 Gate Expand, Oracle Opening 

Get SALT Encoding   

  12  0:02  Probe (Chrono Boost)  
  14  0:14  Probe (Chrono Boost)  
  14  0:18  Pylon  
  14  0:26  Probe (Chrono Boost)  
  15  0:32  Probe (Chrono Boost)  
  15  0:39  Gateway  
  16  0:43  Probe (Chrono Boost)  
  16  0:49  Assimilator  
  17  0:55  Probe (Chrono Boost)  
  18  1:01  Probe (Chrono Boost)  
  18  1:10  Probe (Chrono Boost)  
  20  1:27  Nexus  
  20  1:37  Cybernetics Core  
  20  1:41  Probe (Chrono Boost)  
  20  1:45  Assimilator  
  21  1:54  Probe (Chrono Boost)  
  22  1:57  Pylon  
  22  2:06  Probe (Chrono Boost)  
  23  2:15  Adept  
  23  2:18  Probe (Chrono Boost)  
  23  2:19  Stargate  
  26  2:25  Warp Gate  
  26  2:26  Probe (Chrono Boost)  
  27  2:32  Probe (Chrono Boost)  
  28  2:43  Adept  
  30  2:46  Probe (Chrono Boost)  
  30  2:47  Probe (Chrono Boost)  
  32  2:52  Void Ray  
  34  2:58  Probe (Chrono Boost)  
  34  2:59  Probe (Chrono Boost)  
  38  3:10  Probe (Chrono Boost)  
  38  3:11  Probe (Chrono Boost)  
  40  3:18  Pylon  
  40  3:22  Probe (Chrono Boost)  
  40  3:23  Probe (Chrono Boost)  
  43  3:34  Probe (Chrono Boost)  
  43  3:38  Oracle  
  47  3:42  Probe (Chrono Boost)  
  47  3:47  Probe (Chrono Boost)  
  48  3:51  Gateway  
  48  3:53  Pylon  
  49  3:55  Probe (Chrono Boost)  
  49  3:59  Probe (Chrono Boost)  
  50  4:03  Nexus  
  50  4:07  Probe (Chrono Boost)  
  52  4:11  Probe (Chrono Boost)  
  52  4:20  Probe (Chrono Boost)  
  52  4:23  Probe (Chrono Boost)  
  54  4:24  Twilight Council  
  54  4:27  Forge  
  55  4:31  Adept  
  55  4:32  Probe (Chrono Boost)  
  55  4:33  Shield Battery  
  55  4:35  Assimilator, Probe (Chrono Boost)  
  55  4:36  Assimilator  
  58  4:43  Robotics Facility  
  60  4:45  Probe (Chrono Boost)  
  60  4:47  Probe (Chrono Boost)  
  60  4:51  Pylon  
  60  4:57  Probe (Chrono Boost)  
  60  4:59  Protoss Ground Weapons Level 1  
  61  5:00  Charge  
  61  5:05  Probe (Chrono Boost)  
  62  5:10  Probe (Chrono Boost)  
  62  5:11  Pylon  
  62  5:12  Sentry x2  
  67  5:14  Probe x2 (Chrono Boost)  
  67  5:16  Probe (Chrono Boost)  
  67  5:20  Probe x2 (Chrono Boost)  
  70  5:21  Observer  
  70  5:24  Pylon  
  70  5:27  Probe (Chrono Boost)  
  72  5:31  Probe (Chrono Boost)  
  74  5:40  Warp Prism, Probe x2 (Chrono Boost)  
  76  5:42  Gateway  
  76  5:44  Gateway  
  78  5:51  Robotics Bay  
  78  5:53  Probe x2 (Chrono Boost)  
  78  5:54  Probe (Chrono Boost)  
  83  6:05  Probe x2 (Chrono Boost)  
  83  6:06  Immortal, Probe (Chrono Boost)  
  83  6:07  Assimilator, Sentry  
  83  6:08  Assimilator  
  86  6:14  Pylon  
  86  6:18  Probe (Chrono Boost)  
  91  6:20  Extended Thermal Lance  
  91  6:23  Colossus  
  91  6:27  Gateway  
  91  6:29  Probe (Chrono Boost)  
  91  6:30  Probe (Chrono Boost)  
  91  6:32  Gateway x2  
  93  6:34  Gateway, Shield Battery  
  89  6:46  Probe x2 (Chrono Boost)  
  97  6:58  Zealot x2  
  97  6:59  Zealot x2  
  105  7:05  Blink, Shield Battery x2, Colossus  
  105  7:12  Protoss Ground Weapons Level 2, Templar Archives  
  105  7:22  Shield Battery, Pylon  
  108  7:28  Shield Battery  
  108  7:29  Photon Cannon  
  108  7:31  Pylon  
  108  7:46  Stalker x4  
  108  7:51  Stalker x4, Colossus  
  116  8:02  Psionic Storm  
  122  8:06  Nexus  
  122  8:17  Pylon  
  122  8:21  High Templar  
  122  8:24  Pylon  
  122  8:25  Pylon  
  124  8:27  Pylon  
  124  8:32  Pylon  
  124  8:37  Warp Prism, High Templar x3, Shield Battery  
  124  8:39  Shield Battery  
  124  8:40  Photon Cannon  
  132  8:50  Stalker x4  
  140  9:00  Gateway  
  140  9:01  Gateway  
  140  9:08  Zealot  
  142  9:10  Zealot x3  
  142  9:14  Assimilator  
  142  9:15  Protoss Ground Armor Level 1  
  148  9:18  Assimilator  
  146  9:31  High Templar  
  146  9:32  High Templar x3  
  146  9:33  Zealot x4  
  146  9:36  Archon x2  
  162  9:41  Probe x4 (Chrono Boost)  
  166  9:57  Zealot  
  166  9:58  Zealot x3  
  153  10:12  Stalker  
  153  10:13  Stalker x3  
  147  10:18  Probe x2 (Chrono Boost)  
  147  10:19  Probe x2 (Chrono Boost)  
  147  10:20  High Templar x4  
  159  10:24  Archon x2, Colossus  
  165  10:39  Stalker  
  165  10:40  Stalker x3  
  169  10:53  High Templar x2  
  169  10:54  Zealot x2  
  177  11:00  Archon  
  175  11:04  Zealot x2  
  175  11:07  Pylon  
  175  11:09  Pylon  
  175  11:10  Pylon  
  173  11:20  Colossus  
  173  11:25  Zealot x2, Archon  
  125  11:26  Zealot x8  
  133  11:45  Protoss Ground Armor Level 2  
  133  11:46  High Templar x3  
  133  11:47  High Templar x2  
  125  11:48  High Templar  
  127  12:01  Sentry  
  128  12:04  Colossus  
  128  12:08  Stalker x3  
  140  12:18  Stalker  
  140  12:19  Stalker x4  
  142  12:45  Stalker x3  
  142  12:46  Stalker x6  
  156  12:55  Archon x2  
  132  12:58  Zealot  
  124  13:09  High Templar x4, Zealot x2  
  124  13:10  Zealot x3  
  134  13:18  Observer  
  134  13:19  Zealot  
  137  13:33  Nexus  
  137  13:34  High Templar x2  
  137  13:35  Zealot x3  
  137  13:39  Warp Prism  
  137  13:40  Archon  
  137  13:41  Archon  
  129  13:42  Zealot x5  
  119  13:57  High Templar x3  
  125  14:08  Zealot x2, Sentry  
  125  14:09  Zealot x4  
  139  14:34  High Templar x3  
  139  14:35  High Templar x3  
  147  14:39  Archon x3  
  147  14:40  Zealot x2  
  147  14:41  Zealot x2  
  145  14:48  Colossus  
  145  14:51  Archon  
  149  15:05  Stalker  
  149  15:06  Stalker x3  
  155  15:07  Zealot x2  
  137  15:22  High Templar  
  137  15:23  High Templar, Zealot x2  
  137  15:27  Colossus  
  145  15:31  Pylon  
  145  15:34  Sentry  
  143  15:41  Robotics Facility  
  149  15:44  High Templar x2  
  153  15:50  Zealot x2  
  153  15:51  Zealot x3  
  153  15:54  Assimilator  
  153  15:55  Assimilator  
  153  15:56  Shield Battery  
  163  16:01  High Templar x2  
  163  16:02  Zealot  
  169  16:15  Stalker  
  169  16:16  Stalker, Zealot  
  175  16:21  Warp Prism  
  177  16:38  Stalker x6  
  177  16:39  Stalker  
  183  16:52  Colossus  
  143  17:01  Archon  
  143  17:02  Archon  
  133  17:09  Stalker x3, Sentry  
  133  17:10  Stalker x3, Zealot  
  147  17:22  Stalker x2  
  151  17:30  Robotics Facility  
  151  17:32  Zealot x3  
  151  17:33  Zealot  
  159  17:41  High Templar x4  
  167  17:45  Archon  
  167  17:46  Archon  
  171  17:57  Zealot x3  
  171  17:58  Zealot x2  
  159  18:16  Zealot x2  
  159  18:17  Zealot x3  
Tags
 
Add a new tag
Caveats
  • Supply blocks, unpowered buildings, or Contaminate may cause inaccurate times.
  • Supply counts are checked every 10 seconds.